 Dungeon Crawl Stone Soup version 0.20-a0-1050-g57248f3 (webtiles) character file.

49 M4edhros the Slasher (level 3, -4/26 HPs)
             Began as an Octopode Fighter on Apr 25, 2017.
             Slain by an orc
             ... wielding a +2 hand axe of chopping
              (6 damage)
             ... on level 3 of the Dungeon.
             The game lasted 00:00:45 (1286 turns).

M4edhros the Slasher (Octopode Fighter)             Turns: 1286, Time: 00:00:45

Health: -4/26      AC:  1    Str: 15    XL:     3   Next: 77%
Magic:  3/3        EV: 11    Int: 10    God:    Xom [..*...]
Gold:   18         SH:  8    Dex: 12    Spells: 2/2 levels left

rFire    . . .     SeeInvis .   a - +0 long sword
rCold    . . .     Gourm    .   b - +0 shield
rNeg     . . .     Faith    .   (helmet restricted)
rPois    .         Spirit   .   (no amulet)
rElec    .         Reflect  .   (no ring)
rCorr    .         Harm     .   (no ring)
MR       .....                  (no ring)
Stlth    ++........             (no ring)
Regen    0.1/turn               (no ring)
MPRegen  0.1/turn               (no ring)
                                (no ring)
                                (no ring)

@: no status effects
A: almost no armour, stealthy swim, amphibious, 8 rings, constrict 8, camouflage
1, gelatinous body 1
a: Renounce Religion


You were on level 3 of the Dungeon.
You worshipped Xom.
You were a toy of Xom.
You were not hungry.

You visited 1 branch of the dungeon, and saw 3 of its levels.

You collected 18 gold pieces.

Inventory:

Hand Weapons
 a - a +0 long sword (weapon)
Armour
 b - a +0 shield (worn)
Scrolls
 e - a scroll of enchant weapon {unknown}
 g - a scroll of identify {unknown}
Potions
 c - a potion of might
Comestibles
 d - a bread ration
 f - a chunk of flesh


   Skills:
 - Level 3.0 Fighting
 + Level 4.0 Long Blades
 - Level 3.0 Dodging
 - Level 3.0 Shields


You had 2 spell levels left.
You didn't know any spells.

Dungeon Overview and Level Annotations

Branches:
Dungeon (3/15)

Altars:
Xom


Innate Abilities, Weirdness & Mutations

You cannot wear most types of armour.
You are very stealthy in the water. (Stealth+)
You are amphibious.
You can wear up to eight rings at the same time.
You can use your tentacles to constrict eight enemies at once.
Your skin changes colour to match your surroundings (Stealth+).
Your rubbery body absorbs attacks. (AC +1, EV +1)


Message History

You are too injured to fight recklessly!
You hit the iguana but do no damage.
The iguana is almost dead.
You constrict the iguana, but do no damage.
The iguana completely misses you. The orc closely misses you.
You slash the iguana!
You kill the iguana!
You have reached level 3!
Your experience leads to an increase in your attributes!
Increase (S)trength, (I)ntelligence, or (D)exterity?
You feel agile. The orc hits you with a falchion.
* * * LOW HITPOINT WARNING * * *
Unknown command.
Your shield prevents you from hitting the orc.
You grab the orc. You squeeze the orc.
You kill the orc!
Your Long Blades skill increases to level 4!
The orc hits you with a hand axe of chopping.
You die...

####.)######........
..[#..# #......#
##.#..######......###
#....................
#############.###.##
#..†..### ####....#
#....# #@...+
......o)...#
....###.##.# ..
...%#.# ....###.#
..$.. #.# .<... #.#
oo### #.#


You could see an orc.

Vanquished Creatures
  An iguana (D:3)
  A dart slug (D:1)
  A leopard gecko (D:3)
  An orc (D:3)
  2 giant cockroaches (D:1)
  7 goblins
  A quokka (D:3)
  A bat (D:1)
  4 kobolds (D:2)
  3 rats
22 creatures vanquished.

Notes
Turn   | Place    | Note
-------+----------+-------------------------------------------
     0 | D:1      | M4edhros the Octopode Fighter began the quest for the Orb.
     0 | D:1      | Reached XP level 1. HP: 16/16 MP: 1/1
    74 | D:1      | Reached XP level 2. HP: 20/21 MP: 2/2
   190 | D:2      | Found a shimmering altar of Xom.
   247 | D:2      | Became a worshipper of Xom of Chaos
   290 | D:2      | XOM: divination: detect items
   302 | D:2      | Reached skill level 3 in Long Blades
   646 | D:2      | XOM is BORED!
   646 | D:2      | XOM: harmless Pois miscast
   832 | D:2      | XOM: divination: magic mapping
  1243 | D:3      | XOM: divination: magic mapping
  1285 | D:3      | Reached XP level 3. HP: 7/26 MP: 3/3
  1286 | D:3      | Reached skill level 4 in Long Blades
  1286 | D:3      | Slain by an orc

Vault maps used:
D:1:      ldierk_water_garden, minivault_25
D:2:      nicolae_gozag_seed_capital, tgw_xom, interstate_on_off,
          grunt_ministairs_5
D:3:      portal_sewer_entry_b, uniq_natasha

Skill      XL: |  1  2  3 |
---------------+----------+-----
Long Blades    | 3 4 |  4.0
Fighting       | |  3.0
Dodging        | |  3.0
Shields        | |  3.0

Action                   || total
-------------------------++-------
Melee: Long sword        ||    43
       Constrict         ||    17
       Tentacles         ||     5
 Stab: Sleeping          ||     3
  Eat: Chunk             ||     1
Armor: Skin              ||     5
Dodge: Dodged            ||    26
Block: Shield            ||    22
       Rpst.: Long sword ||     4
